Map: Prion Terraces

Players

Miszu - Winner!

  • Race: Terran Terran
  • League: Master

ShDZoo

  • Race: Terran Terran
  • League: Master

VOD

Have the link to the VOD?

Description

Time

  • Played on: April 5, 2016, 5:03 p.m.
  • Length: 5:24
Show
View Real Time Build Order
Export as new Build Order

Miszu Terran - Winner!

Build Orders:  

Get SALT Encoding   

  12  0:01  SCV  
  13  0:13  SCV  
  14  0:17  Supply Depot  
  14  0:25  SCV  
  15  0:39  SCV  
  15  0:41  Barracks  
  16  0:44  Refinery  
  16  0:51  SCV  
  16  0:54  Refinery  
  17  1:03  SCV  
  18  1:15  SCV  
  19  1:27  Orbital Command  
  19  1:32  Marine  
  20  1:34  Factory  
  20  1:40  Supply Depot  
  20  1:50  Marine  
  20  1:53  SCV  
  22  2:03  Bunker  
  22  2:14  Marine, SCV  
  20  2:26  SCV  
  19  2:33  Marine  
  20  2:38  SCV  
  20  2:39  Hellion  
  23  2:50  Supply Depot, SCV  
  24  2:57  Starport  
  24  3:11  Hellion, SCV  
  27  3:14  Marine  
  28  3:23  SCV  
  31  3:36  Supply Depot  
  31  3:51  Medivac  
  31  3:57  Marine  
  31  3:58  Hellion, SCV  
  35  4:10  SCV  
  35  4:15  Marine  
  37  4:21  Factory Tech Lab  
  37  4:22  SCV  
  38  4:25  Supply Depot  
  38  4:34  SCV  
  39  4:41  Barracks Reactor  
  39  4:46  Cyclone, SCV  
  39  4:50  Supply Depot  
  39  4:51  Command Center  
  46  4:55  Supply Depot  
  46  4:58  SCV  
Show
View Real Time Build Order
Export as new Build Order

ShDZoo Terran 

Build Orders:  

Get SALT Encoding   

  12  0:01  SCV  
  13  0:16  Supply Depot  
  13  0:43  Barracks  
  13  0:51  Barracks  
  13  1:07  Barracks  
  13  1:10  SCV  
  14  1:21  Supply Depot  
  14  1:29  Marine  
  15  1:37  Marine  
  16  1:47  Marine  
  16  1:53  Bunker  
  17  1:56  Marine  
  17  2:03  Bunker  
  17  2:13  Marine  
  16  2:25  Marine x2  
  17  2:34  Marine  
  17  2:43  Marine, Orbital Command  
  18  2:44  Refinery  
  18  2:50  Marine  
  19  2:55  Marine  
  18  3:12  SCV  
  16  3:35  Supply Depot  
  16  3:38  Supply Depot  
  16  3:41  Supply Depot, SCV  
  17  3:53  SCV  
  18  4:01  Factory  
  18  4:05  SCV  
  19  4:17  SCV  
  19  4:18  Refinery  
  20  4:29  SCV  
  21  4:36  Engineering Bay  
  21  4:41  SCV  
  22  4:46  Factory Tech Lab  
  22  4:47  Starport  
  22  4:53  SCV  
  23  5:06  SCV  
Tags
 
Add a new tag
Caveats
  • Supply blocks, unpowered buildings, or Contaminate may cause inaccurate times.
  • Supply counts are checked every 10 seconds.